 Dungeon Crawl Stone Soup version 0.17.0-18-gaab0e96 (console) character file.

502 gw the Cudgeler (level 6, -2/47 HPs)
             Began as a Draconian Fighter on Nov 12, 2015.
             Slain by an orc wizard
             ... wielding a +0 dagger
              (3 damage)
             ... on level 4 of the Dungeon.
             The game lasted 00:05:57 (5442 turns).

gw the Cudgeler (Draconian Fighter)                 Turns: 5442, Time: 00:05:57

Health: -2/47      AC:  8    Str: 16    XL:     6   Next: 95%
Magic:  6/6        EV: 11    Int:  7    God:    Xom [....*.]
Gold:   211        SH:  9    Dex: 12    Spells: 0 memorised, 5 levels left

rFire  . . .     SeeInvis .     b - +0 morningstar
rCold  . . .     Clarity  .     (armour unavailable)
rNeg   . . .     SustAt   .     c - +0 shield
rPois  .         Gourm    .     (helmet restricted)
rElec  .         Spirit   .     a - +0 cloak
rCorr  .         Warding  .     (no gloves)
rMut   .         Stasis   .     f - +0 pair of boots
MR     .....                    (no amulet)
Stlth  +.........               (no ring)
                                (no ring)

@: slowed, very slow, not resistant to hostile enchantments, very unstealthy
A: unfitting armour, dopey 1, frail 1, weak 1, cold-blooded, AC +6
a: Renounce Religion


You were on level 4 of the Dungeon.
You worshipped Xom.
You were a beloved toy of Xom.
You were very hungry.

You visited 1 branch of the dungeon, and saw 4 of its levels.

You collected 211 gold pieces.

Inventory:

Hand Weapons
 b - a +0 morningstar (weapon)
Missiles
 e - 88 stones (quivered)
Armour
 a - a +0 cloak (worn)
 c - a +0 shield (worn)
 f - a +0 pair of boots (worn)
Comestibles
 d - 3 bread rations


   Skills:
 + Level 4.5 Fighting
 * Level 4.6 Maces & Flails
 + Level 2.5 Throwing
 + Level 3.7 Dodging
 + Level 4.1 Shields


You had 5 spell levels left.
You didn't know any spells.

Dungeon Overview and Level Annotations

Branches:
Dungeon (4/15)
 Temple: D:4-7

Altars:
Ru
Sif Muna
Vehumet
Xom


Innate Abilities, Weirdness & Mutations

Your plain brown scales are hard (AC +6).
Your body does not fit into most forms of armour.
You are cold-blooded and may be slowed by cold attacks.
You are dopey. (Int -2)
You are frail (-10% HP).
You are weak. (Str -2)


Message History

The magic dart hits you!
Unknown command.
Unknown command.
Unknown command.
MOVING TO (-1,0)
You hit something. You block the orc wizard's attack.
The orc wizard hits you but does no damage.
Something hits you but does no damage. You block the orc wizard's attack.
Something hits you but does no damage.
Unknown command.
Unknown command.
Unknown command.
MOVING TO (-2,0)
You closely miss something.
Your tail-slap misses something.
The orc wizard hits you but does no damage. x2
Something hits you but does no damage.
The orc wizard hits you but does no damage.
Something hits you. The orc wizard hits you with a dagger.
You die...
Xom bursts into laughter!

######.###....#################
.........................o.....
######.###....##.#######Z......
........##....##.#######....s..
######...#....##.#######.......
######.#+##............+...o¤..
..........#.####.#######.......
..........#.####o###........$..
..........#.##.{d###.##.#.#####
..........#.##.#.###.##.
.........#####+#####.##.
........##}##}.}##Z####.
.......##...##.##...###.
######.# .#..+.+..#._#.. #.#
...##}##...#### #.#
#}#######}###.. #.#
###.###.###.#.#


You could see an orc wizard and an adder skeleton.

Table legend:
 A = Turns spent in this place as a percentage of turns spent in the entire game.
 B = Non-inter-level travel turns spent in this place as a percentage of non-inter-level travel turns spent in the entire game.
 C = Inter-level travel turns spent in this place as a percentage of turns spent in this place.
 D = Turns resting spent in this place as a percentage of non-inter-level travel turns spent in this place.
 E = Turns spent auto-exploring this place as a percentage of non-inter-level travel turns spent in this place.
 F = Non-inter-level travel turns spent in this place divided by the number of levels of this place that you've seen.
                   A       B       C       D       E      F
               +-------+-------+-------+-------+-------+----------------------
         Total | 100.0 | 100.0 |   0.4 |   1.2 |   1.8 | 2033.5
       Dungeon | 100.0 | 100.0 |   0.4 |   1.2 |   1.8 | 2033.5
               +-------+-------+-------+-------+-------+----------------------

Table legend:
 A = Kills in this place as a percentage of kills in entire the game.
 B = Kills by you in this place as a percentage of kills by you in the entire game.
 C = Kills by friends in this place as a percentage of kills by friends in the entire game.
 D = Other kills in this place as a percentage of other kills in the entire game.
 E = Experience gained in this place as a percentage of experience gained in the entire game.
 F = Experience gained in this place divided by the number of levels of this place that you have seen.
                   A       B       C       D       E      F
               +-------+-------+-------+-------+-------+----------------------
         Total | 100.0 | 100.0 |  -nan |  -nan | 100.0 | 179.5
       Dungeon | 100.0 | 100.0 |  -nan |  -nan | 100.0 | 179.5
               +-------+-------+-------+-------+-------+----------------------

Vanquished Creatures
  A centaur skeleton (D:4)
  2 giant frog skeletons (D:4)
  A hound (D:4)
  Ijyb (D:3)
  Jessica (D:3)
  3 orc wizards
  Robin (D:3)
  6 adders
  6 gnolls
  An ooze (D:1)
  4 worms
  4 giant geckos
  11 orcs (D:3)
  A giant cockroach (D:3)
  12 goblins
  5 hobgoblins
  8 kobolds
  5 quokkas
  A ball python (D:2)
  8 bats
  A giant gecko skeleton (D:4)
  7 giant newts
  16 jackals
  A quokka skeleton (D:4)
  9 rats
116 creatures vanquished.

Vanquished Creatures (others)
  A giant cockroach (D:3)
  2 jackals (D:3)
  A giant newt (D:3)
  A rat (D:3)
5 creatures vanquished.

Grand Total: 121 creatures vanquished

Notes
Turn   | Place    | Note
--------------------------------------------------------------
     0 | D:1      | gw the Draconian Fighter began the quest for the Orb.
     0 | D:1      | Reached XP level 1. HP: 19/19 MP: 1/1
   310 | D:1      | Reached XP level 2. HP: 26/26 MP: 2/2
   800 | D:1      | Reached XP level 3. HP: 26/31 MP: 3/3
  1327 | D:2      | Found a sacrificial altar of Ru.
  1734 | D:2      | Reached XP level 4. HP: 39/39 MP: 4/4
  1920 | D:2      | Reached skill level 1 in Throwing
  2703 | D:3      | Reached XP level 5. HP: 23/46 MP: 5/5
  2778 | D:3      | Reached skill level 4 in Fighting
  3054 | D:3      | Found a shimmering altar of Xom.
  3062 | D:3      | Became a worshipper of Xom the Elder Chaos God
  3328 | D:3      | Noticed Ijyb
  3338 | D:3      | Killed Ijyb
  3393 | D:3      | Found a radiant altar of Vehumet.
  3413 | D:3      | XOM: harmless Conj miscast
  3433 | D:3      | Noticed Robin
  3449 | D:3      | Killed Robin
  3484 | D:3      | Reached XP level 6. HP: 45/52 MP: 6/6
  3517 | D:3      | Noticed Jessica
  3553 | D:3      | Killed Jessica
  3820 | D:3      | XOM: harmless Fire miscast
  3827 | D:3      | XOM: divination: magic mapping
  3966 | D:3      | XOM: harmless Summ miscast
  4268 | D:3      | XOM: noise
  4331 | D:3      | XOM: summons 3 hostile demons
  5220 | D:4      | XOM: give mutations
  5220 | D:4      | Gained mutation: You are dopey. (Int -2) [Xom's mischief]
  5220 | D:4      | Gained mutation: You are weak. (Str -2) [Xom's mischief]
  5220 | D:4      | Gained mutation: You are frail (-10% HP). [Xom's mischief]
  5223 | D:4      | XOM: cast spell 'Summon Butterflies'
  5436 | D:4      | XOM: vitrification
  5436 | D:4      | Found a deep blue altar of Sif Muna.
  5442 | D:4      | HP: 1/47 [something (6)]
  5442 | D:4      | Slain by an orc wizard

Action                   |  1- 3 |  4- 6 || total
-------------------------+-------+-------++-------
Melee: Flail             |   151 |    73 ||   224
       Morningstar       |       |   183 ||   183
Throw: Stone             |    40 |   189 ||   229
  Use: Potion            |     1 |       ||     1
  Eat: Chunk             |     3 |    11 ||    14

Vault maps used:
D:1:      matt_arrival_refuge, minivault_24
D:2:      nicolae_ru_awakened_eye
D:3:      lemuel_crystal_altar, fiery_altar_vehumet, hangedman_decor_growths,
          uniq_iyjb, uniq_robin, uniq_jessica
D:4:      nicolae_overflow_crystal_walls, amethyst_overflow_temple_binary,
          grunt_decor_resistance
